UNITED STATES PREMIER LEAGUE
ATLANTA SMOKE VS BROOKLYN DODGERS
08/08/2014
 
TOP OF THE 1ST
Brooklyn Dodgers batting - Pitching for Atlanta Smoke : LHP Ryan Ray
Pitching: LHP Ryan Ray
Batting: LHB Christian Walls 0-0: Ball
1-0: Ball
2-0: Ball
3-0: Called Strike
3-1: Called Strike
3-2: Foul Ball, location: 2F
3-2: Foul Ball, location: 2F
3-2: Ground out 4-3 (Groundball, 4M)
Batting: SHB Ted Beck 0-0: Ball
1-0: DOUBLE (Flyball, 9LM)
Batting: RHB Thom Wilcox 0-0: Swinging Strike
0-1: Foul Ball, location: 2F
0-2: Ball
1-2: Ball
2-2: Ball
3-2: Fly out, F5 (Popup, 5SF)
Pitching: LHP Fernando Rivero
Batting: LHB Pancho García 0-0: Ball
1-0: Swinging Strike
1-1: Ball
2-1: Foul Ball, location: 2F
2-2: Foul Ball, location: 2F
2-2: TRIPLE (Flyball, 78D)
Ted Beck scores
Batting: RHB Ángel Vargas 0-0: Ball
1-0: Called Strike
1-1: Ball
2-1: Swinging Strike
2-2: Foul Ball, location: 2F
2-2: Foul Ball, location: 2F
2-2: Ball
3-2: Foul Ball, location: 2F
3-2: Foul Ball, location: 2F
3-2: Fly out, F8 (Flyball, 89S)
Top of the 1st over - 1 run(s), 2 hit(s), 0 error(s), 1 left on base; Brooklyn 1 - Atlanta 0
BOTTOM OF THE 1ST
Atlanta Smoke batting - Pitching for Brooklyn Dodgers : RHP Pete Nicholls
Pitching: RHP Pete Nicholls
Batting: SHB Curt Bryant 0-0: Ball
1-0: Ball
2-0: Ground out U3 (Groundball, 3)
Batting: LHB Luis Rodríguez 0-0: Ball
1-0: Foul Ball, location: 2F
1-1: SINGLE (Line Drive, 9LS)
Batting: LHB Gonzalo López 0-0: Ball
1-0: Ball
Wild Pitch!
Luis Rodríguez to second
2-0: Called Strike
2-1: Ball
3-1: Base on Balls
Batting: RHB Bob Campbell 0-0: Grounds into double play, U3-6 (Groundball, 3L)
Bottom of the 1st over - 0 run(s), 1 hit(s), 0 error(s), 2 left on base; Brooklyn 1 - Atlanta 0
TOP OF THE 2ND
Brooklyn Dodgers batting - Pitching for Atlanta Smoke : LHP Fernando Rivero
Batting: LHB Adrián Rodríguez 0-0: Called Strike
0-1: Ball
1-1: Swinging Strike
1-2: Foul Ball, location: 2F
1-2: Foul Ball, location: 2F
1-2: Ground out 2-3 (Groundball, 2L)
Batting: RHB Rudy Jedburgh 0-0: SINGLE (Groundball, 56)
Batting: RHB Keith Lowery 0-0: SINGLE (Line Drive, 56)
Rudy Jedburgh to second
Batting: RHB Pete Nicholls 0-0: Sac Bunt - play at first, batter OUT! 3-4
Rudy Jedburgh to third
Keith Lowery to second
Batting: LHB Christian Walls 0-0: Called Strike
0-1: Ball
1-1: Ball
2-1: Called Strike
2-2: Fly out, F8 (Flyball, 8LD)
Top of the 2nd over - 0 run(s), 2 hit(s), 0 error(s), 2 left on base; Brooklyn 1 - Atlanta 0
BOTTOM OF THE 2ND
Atlanta Smoke batting - Pitching for Brooklyn Dodgers : RHP Pete Nicholls
Batting: LHB Kenneth Chapman 0-0: Called Strike
0-1: Foul Ball, location: 2F
0-2: Ball
1-2: Foul Ball, location: 2F
1-2: Ball
2-2: Foul Ball, location: 2F
2-2: Ball
3-2: Base on Balls
Batting: LHB Jason Powell 0-0: Ball
1-0: Swinging Strike
1-1: Ball
2-1: Swinging Strike
2-2: Fly out, F7 (Flyball, 78D)
Batting: LHB Cristián Baca 0-0: Ball
1-0: Ball
2-0: Fly out, F7 (Flyball, 7S)
Batting: LHB Félix Pérez 0-0: Ball
1-0: Called Strike
1-1: Swinging Strike
1-2: 2-RUN HOME RUN (Line Drive, 9D), Distance : 404 ft
Batting: LHB Fernando Rivero 0-0: Fly out, F5 (Popup, 5SF)
Bottom of the 2nd over - 2 run(s), 1 hit(s), 0 error(s), 0 left on base; Brooklyn 1 - Atlanta 2
TOP OF THE 3RD
Brooklyn Dodgers batting - Pitching for Atlanta Smoke : LHP Fernando Rivero
Batting: SHB Ted Beck 0-0: Foul Ball, location: 2F
0-1: Foul Ball, location: 2F
0-2: Ball
1-2: Ball
2-2: Strikes out swinging
Batting: RHB Thom Wilcox 0-0: Ball
1-0: Ball
2-0: Ball
3-0: Called Strike
3-1: Swinging Strike
3-2: Base on Balls
Batting: LHB Pancho García 0-0: Ball
1-0: Foul Ball, location: 2F
1-1: Called Strike
1-2: Fly out, F6 (Popup, 6)
Batting: RHB Ángel Vargas 0-0: Called Strike
0-1: Called Strike
0-2: DOUBLE (Line Drive, 5D)
Thom Wilcox to third
Batting: LHB Adrián Rodríguez 0-0: Ball
1-0: Fly out, F5 (Popup, 5SF)
Top of the 3rd over - 0 run(s), 1 hit(s), 0 error(s), 2 left on base; Brooklyn 1 - Atlanta 2
BOTTOM OF THE 3RD
Atlanta Smoke batting - Pitching for Brooklyn Dodgers : RHP Pete Nicholls
Batting: SHB Curt Bryant 0-0: Foul Ball, location: 2F
0-1: Ground out 3-1 (Groundball, 34)
Batting: LHB Luis Rodríguez 0-0: Called Strike
0-1: Ball
1-1: Foul Ball, location: 2F
1-2: SINGLE (Line Drive, 34D)
Batting: LHB Gonzalo López 0-0: Ball
1-0: Foul Ball, location: 2F
1-1: Fly out, F7 (Flyball, 78D)
Batting: RHB Bob Campbell 0-0: Ball
1-0: Called Strike
1-1: Ball
2-1: Foul Ball, location: 2F
2-2: Ground out U3 (Groundball, 3L)
Bottom of the 3rd over - 0 run(s), 1 hit(s), 0 error(s), 1 left on base; Brooklyn 1 - Atlanta 2
TOP OF THE 4TH
Brooklyn Dodgers batting - Pitching for Atlanta Smoke : LHP Fernando Rivero
Batting: RHB Rudy Jedburgh 0-0: Ground out 1-3 (Groundball, 23)
Pitching: LHP Lester Gross
Batting: RHB Keith Lowery 0-0: Ball
1-0: SOLO HOME RUN (Flyball, 7D), Distance : 417 ft
Batting: RHB Pete Nicholls 0-0: Ball
1-0: Ball
2-0: SINGLE (Groundball, 56)
Batting: LHB Christian Walls 0-0: Called Strike
0-1: Swinging Strike
0-2: Strikes out looking
Batting: SHB Ted Beck 0-0: Ball
1-0: Ball
2-0: Ball
3-0: Called Strike
3-1: Base on Balls
Pete Nicholls to second
Batting: RHB Thom Wilcox 0-0: Foul Ball, location: 2F
0-1: Called Strike
0-2: Ball
1-2: Ball
2-2: Ball
3-2: Foul Ball, location: 2F
3-2: Base on Balls
Pete Nicholls to third
Ted Beck to second
Batting: LHB Pancho García 0-0: Ball
1-0: Ball
2-0: SINGLE (Flyball, 7S)
Pete Nicholls scores
Ted Beck to third
Thom Wilcox to second
Runner from 3rd tries for Home, SAFE, no throw or cutoff
Pitching: RHP Hunter Durham
Batting: RHB Ángel Vargas 0-0: Called Strike
0-1: Swinging Strike
0-2: Ball
1-2: Foul Ball, location: 2F
1-2: Strikes out looking
Top of the 4th over - 3 run(s), 3 hit(s), 0 error(s), 2 left on base; Brooklyn 4 - Atlanta 2
BOTTOM OF THE 4TH
Atlanta Smoke batting - Pitching for Brooklyn Dodgers : RHP Pete Nicholls
Batting: LHB Kenneth Chapman 0-0: Ball
1-0: Called Strike
1-1: Foul Ball, location: 2F
1-2: Ground out 6-3 (Groundball, 6M)
Batting: LHB Jason Powell 0-0: Ball
1-0: Foul Ball, location: 2F
1-1: Ground out 1-3 (Groundball, 25)
Batting: LHB Cristián Baca 0-0: Ball
1-0: Ball
2-0: Ball
3-0: Base on Balls
Batting: LHB Félix Pérez 0-0: Called Strike
0-1: Foul Ball, location: 2F
0-2: Ball
1-2: Ball
2-2: Foul Ball, location: 2F
2-2: Ground out 5-3 (Groundball, 5S)
Bottom of the 4th over - 0 run(s), 0 hit(s), 0 error(s), 1 left on base; Brooklyn 4 - Atlanta 2
TOP OF THE 5TH
Brooklyn Dodgers batting - Pitching for Atlanta Smoke : RHP Hunter Durham
Batting: LHB Adrián Rodríguez 0-0: Ball
1-0: Ball
2-0: Called Strike
2-1: Foul Ball, location: 2F
2-2: Strikes out looking
Batting: RHB Rudy Jedburgh 0-0: Called Strike
0-1: Ball
1-1: Swinging Strike
1-2: Strikes out swinging
Batting: RHB Keith Lowery 0-0: Foul Ball, location: 2F
0-1: Ball
1-1: Foul Ball, location: 2F
1-2: Ball
2-2: Ball
3-2: Base on Balls
Batting: RHB Pete Nicholls 0-0: Fly out, F9 (Flyball, 89M)
Top of the 5th over - 0 run(s), 0 hit(s), 0 error(s), 1 left on base; Brooklyn 4 - Atlanta 2
BOTTOM OF THE 5TH
Atlanta Smoke batting - Pitching for Brooklyn Dodgers : RHP Pete Nicholls
Batting: RHB Hunter Durham 0-0: Fly out, F8 (Flyball, 78M)
Batting: SHB Curt Bryant 0-0: Called Strike
0-1: Fly out, F9 (Flyball, 89M)
Batting: LHB Luis Rodríguez 0-0: Ball
1-0: Ball
2-0: Ball
3-0: Called Strike
3-1: Base on Balls
Batting: LHB Gonzalo López 0-0: Ball
1-0: Ground out 3-1 (Groundball, 34)
Bottom of the 5th over - 0 run(s), 0 hit(s), 0 error(s), 1 left on base; Brooklyn 4 - Atlanta 2
TOP OF THE 6TH
Brooklyn Dodgers batting - Pitching for Atlanta Smoke : RHP Hunter Durham
Batting: LHB Christian Walls 0-0: Foul Ball, location: 2F
0-1: Ball
1-1: Foul Ball, location: 2F
1-2: SINGLE (Groundball, 4MD)
Batting: SHB Ted Beck 0-0: Called Strike
0-1: Ball
1-1: Called Strike
1-2: SINGLE (Flyball, 8LS)
Christian Walls to second
Batting: RHB Thom Wilcox 0-0: SINGLE (Line Drive, 56)
Christian Walls to third
Ted Beck to second
Batting: LHB Pancho García 0-0: Called Strike
0-1: Foul Ball, location: 2F
0-2: Ball
1-2: Ball
2-2: Strikes out swinging
Batting: RHB Ángel Vargas 0-0: Ball
1-0: Ball
2-0: SINGLE (Line Drive, 6M)
Christian Walls scores
Ted Beck to third
Thom Wilcox to second
Runner from 3rd tries for Home, SAFE, no throw or cutoff
Pitching: LHP Dana Hennessey
Batting: LHB Adrián Rodríguez 0-0: Called Strike
0-1: Called Strike
0-2: Foul Ball, location: 2F
0-2: 3-RUN HOME RUN (Flyball, 7D), Distance : 417 ft
Pitching: LHP Tony Schneider
Batting: RHB Rudy Jedburgh 0-0: Ground out 6-3 (Groundball, 6M)
Batting: RHB Keith Lowery 0-0: Called Strike
0-1: SINGLE (Groundball, 34)
Batting: RHB Pete Nicholls 0-0: Ball
1-0: Swinging Strike
1-1: Ball
2-1: Foul Ball, location: 2F
2-2: Strikes out swinging
Top of the 6th over - 5 run(s), 6 hit(s), 0 error(s), 1 left on base; Brooklyn 9 - Atlanta 2
BOTTOM OF THE 6TH
Atlanta Smoke batting - Pitching for Brooklyn Dodgers : RHP Pete Nicholls
Batting: RHB Bob Campbell 0-0: Fly out, F9 (Flyball, 9S)
Batting: LHB Kenneth Chapman 0-0: Ground out 3-1 (Groundball, 34)
Batting: LHB Jason Powell 0-0: Called Strike
0-1: Fly out, F9 (Line Drive, 9M)
Bottom of the 6th over - 0 run(s), 0 hit(s), 0 error(s), 0 left on base; Brooklyn 9 - Atlanta 2
TOP OF THE 7TH
Brooklyn Dodgers batting - Pitching for Atlanta Smoke : LHP Tony Schneider
Batting: LHB Christian Walls 0-0: Ball
1-0: Called Strike
1-1: Foul Ball, location: 2F
1-2: Strikes out swinging
Batting: SHB Ted Beck 0-0: Ball
1-0: Ball
2-0: Ground out 1-3 (Groundball, 13)
Batting: RHB Thom Wilcox 0-0: Ball
1-0: SOLO HOME RUN (Line Drive, 7D), Distance : 407 ft
Batting: LHB Pancho García 0-0: Ball
1-0: Foul Ball, location: 2F
1-1: Ball
2-1: Foul Ball, location: 2F
2-2: Ball
3-2: SINGLE (Groundball, 4M)
Batting: RHB Ángel Vargas 0-0: Ball
1-0: Fly out, F6 (Popup, 6MD)
Top of the 7th over - 1 run(s), 2 hit(s), 0 error(s), 1 left on base; Brooklyn 10 - Atlanta 2
BOTTOM OF THE 7TH
Atlanta Smoke batting - Pitching for Brooklyn Dodgers : RHP Pete Nicholls
Now in CF: Egidio Agnolutto
Batting: LHB Cristián Baca 0-0: Foul Ball, location: 2F
0-1: Called Strike
0-2: Ground out 6-3 (Groundball, 6M)
Batting: LHB Félix Pérez 0-0: Ground out 1-3 (Groundball, 15)
Pinch Hitting: LHB Jorge Lucero 0-0: Ball
1-0: Called Strike
1-1: Foul Ball, location: 2F
1-2: Strikes out swinging
Bottom of the 7th over - 0 run(s), 0 hit(s), 0 error(s), 0 left on base; Brooklyn 10 - Atlanta 2
TOP OF THE 8TH
Brooklyn Dodgers batting - Pitching for Atlanta Smoke : LHP Tony Schneider
Pitching: LHP Kamal Bataille
Batting: LHB Egidio Agnolutto 0-0: Ball
1-0: Foul Ball, location: 2F
1-1: Called Strike
1-2: Strikes out swinging
Batting: RHB Rudy Jedburgh 0-0: Ball
1-0: Swinging Strike
1-1: Ball
2-1: Called Strike
2-2: Ground out 5-3 (Groundball, 56S)
Batting: RHB Keith Lowery 0-0: Foul Ball, location: 2F
0-1: Ball
1-1: Foul Ball, location: 2F
1-2: Foul Ball, location: 2F
1-2: Ball
2-2: SINGLE (Line Drive, 56)
Pinch Hitting: LHB Ray Sears 0-0: Ground out 4-3 (Groundball, 4)
Top of the 8th over - 0 run(s), 1 hit(s), 0 error(s), 1 left on base; Brooklyn 10 - Atlanta 2
BOTTOM OF THE 8TH
Atlanta Smoke batting - Pitching for Brooklyn Dodgers : RHP Pete Nicholls
Pitching: RHP Jonah Weaver
Batting: SHB Curt Bryant 0-0: Called Strike
0-1: Foul Ball, location: 2F
0-2: Ball
1-2: Ball
2-2: Ball
3-2: Fly out, F5 (Popup, 5F)
Batting: LHB Luis Rodríguez 0-0: Ball
1-0: Ball
2-0: Called Strike
2-1: Called Strike
2-2: Foul Ball, location: 2F
2-2: SINGLE (Groundball, 4D)
Batting: LHB Gonzalo López 0-0: Called Strike
0-1: Foul Ball, location: 2F
0-2: Foul Ball, location: 2F
0-2: Strikes out swinging
Batting: RHB Bob Campbell 0-0: Ball
1-0: Ground out 5-3 (Groundball, 56S)
Bottom of the 8th over - 0 run(s), 1 hit(s), 0 error(s), 1 left on base; Brooklyn 10 - Atlanta 2
TOP OF THE 9TH
Brooklyn Dodgers batting - Pitching for Atlanta Smoke : LHP Kamal Bataille
Batting: LHB Christian Walls 0-0: Foul Ball, location: 2F
0-1: SINGLE (Groundball, 4M) (infield hit)
Batting: SHB Ted Beck 0-0: Ball
1-0: Ball
Christian Walls is caught stealing 2nd base
2-0: Called Strike
2-1: Ball
3-1: Called Strike
3-2: Foul Ball, location: 2F
3-2: Ground out 5-3 (Groundball, 5L)
Batting: RHB Thom Wilcox 0-0: Called Strike
0-1: Ground out 4-3 (Groundball, 4MS)
Top of the 9th over - 0 run(s), 1 hit(s), 0 error(s), 0 left on base; Brooklyn 10 - Atlanta 2
BOTTOM OF THE 9TH
Atlanta Smoke batting - Pitching for Brooklyn Dodgers : RHP Jonah Weaver
Batting: LHB Kenneth Chapman 0-0: Ball
1-0: Ground out 4-3 (Groundball, 4)
Batting: LHB Jason Powell 0-0: Ball
1-0: Called Strike
1-1: Ground out 4-3 (Groundball, 4)
Batting: LHB Cristián Baca 0-0: Called Strike
0-1: Ball
1-1: Ball
2-1: Ball
3-1: Fly out, F8 (Flyball, 89D)
Bottom of the 9th over - 0 run(s), 0 hit(s), 0 error(s), 0 left on base; Brooklyn 10 - Atlanta 2
This league is powered by Out of the Park Baseball, the baseball management simulation game for PC, Mac and Linux
Thursday, April 24th, 2014 - OOTP Baseball 14.6 Build 33